 Dungeon Crawl Stone Soup version 0.31.0-11-ge490571c62 (webtiles) character file.

Game seed: 10687199858952901282

23 Flugkiller the Chiller (level 3, -5/16 HPs)
             Began as a Vine Stalker Ice Elementalist on Feb 3, 2024.
             Slain by a kobold brigand
             ... wielding a +0 club
              (7 damage)
             ... on level 3 of the Dungeon.
             The game lasted 00:00:54 (237 turns).

Flugkiller the Chiller (VSIE)                        Turns: 237, Time: 00:00:55

Health: -5/16      AC:  2    Str: 10    XL:     3   Next: 0%
Magic:  0/8        EV: 12    Int: 17    God:
Gold:   18         SH:  0    Dex: 14    Spells: 6/7 levels left

rFire   + . .        f - +0 dagger
rCold   + . .        (no shield)
rNeg    . . .        a - +0 robe
rPois   +            (no helmet)
rElec   +            (no cloak)
rCorr   +            (no gloves)
SInv    .            (no boots)
Will    .....        (no amulet)
Stlth   ++           (no ring)
HPRegen 1.02/turn    (no ring)
MPRegen 0.11/turn

%: guardian spirit
@: resistant
A: fangs 2, regeneration 1, magic shield, antimagic bite, no potion heal 2
a: no special abilities


You were on level 3 of the Dungeon.
You visited 1 branch of the dungeon, and saw 3 of its levels.

You collected 18 gold pieces.

Inventory:

Hand Weapons
 f - a +0 dagger (weapon)
   (You took it off a kobold on level 3 of the Dungeon)
Armour
 a - a +0 robe (worn)
Scrolls
 d - a scroll of noise


   Skills:
 - Level 1.5 Dodging
 - Level 2.4 Stealth
 + Level 2.9 Spellcasting
 + Level 4.4 Ice Magic


You had 6 spell levels left.
You knew the following spells:

 Your Spells              Type           Power      Damage    Failure   Level
a - Freeze                Ice            68%        1d8       2%          1

Your spell library contained the following spells:

 Spells                   Type           Power      Damage    Failure   Level
 Frozen Ramparts          Ice            34%        1d6       9%          3
 Ozocubu's Armour         Ice            17%        N/A       9%          3
 Summon Ice Beast         Ice/Summ       10%        N/A       22%         3


Dungeon Overview and Level Annotations

Branches:
Dungeon (3/15) Zot: 17762

Altars:


Innate Abilities, Weirdness & Mutations

You have extremely sharp teeth.
Your natural rate of healing is unusually fast.
When hurt, damage is shared between your health and your magic reserves.
Your bite disrupts and absorbs the magic of your enemies.
Potions cannot restore your health.


Message History

You kill the kobold!
The hobgoblin shouts!
Casting: Freeze (safe; 3% risk of failure)
Confirm with . or Enter, or press ? or * to list all spells.
You can't see any susceptible monsters within range! (Use Z to cast anyway.)
Things that are here:
a +0 dagger; a kobold corpse You see here a +0 club.
You barely miss the hobgoblin. You bite the hobgoblin. You drain its power.
You feel invigorated.
The hobgoblin is heavily wounded.
A hobgoblin comes into view. It is wielding a +0 club.
The hobgoblin hits you with a +0 club.
Things that are here:
a +0 dagger; a kobold corpse
f - a +0 dagger (weapon)
The hobgoblin attacks as it pursues you!
The hobgoblin hits you with a +0 club.
You barely miss the hobgoblin. You punch the hobgoblin.
You kill the hobgoblin!
No target in view!
No target in view!
Things that are here:
a +0 club; a hobgoblin corpse A kobold brigand comes into view.
It is wielding a +0 club and quivering curare-tipped darts.
Things that are here:
a +0 club; a hobgoblin corpse The hobgoblin hits you with a +0 club.
You hit the hobgoblin but do no damage. You bite the hobgoblin.
You drain its power.
You feel invigorated.
The hobgoblin is heavily wounded.
The hobgoblin closely misses you.
You hit the hobgoblin.
The hobgoblin is severely wounded.
The hobgoblin closely misses you.
You closely miss the hobgoblin. Your bite misses the hobgoblin.
The hobgoblin is severely wounded.
The hobgoblin barely misses you.
You hit the hobgoblin.
You kill the hobgoblin!
You see here a +0 club.
Things that are here:
a +0 club; a hobgoblin corpse Unknown command.
You see here a +0 club.
You start resting.
Magic restored.
You see here a +0 club. 2 kobolds come into view.
Things that are here:
a +0 club; a hobgoblin corpse You see here a kobold corpse.
Unknown command.
The kobold brigand shouts!
The kobold shouts!
You hear a shout!
A kobold brigand comes into view.
It is wielding a +0 club and quivering poisoned darts.
You see here a +0 club.
The kobold brigand barely misses you. The kobold hits you with a +0 club.
The kobold closely misses you.
Unknown command.
You hit the kobold brigand.
The kobold brigand is lightly wounded.
The kobold hits you with a +0 club. The kobold hits you with a +0 dagger.
The kobold brigand closely misses you.
You closely miss the kobold brigand.
The kobold brigand is lightly wounded.
The kobold hits you with a +0 club. The kobold misses you.
The kobold brigand hits you with a +0 club.
You closely miss the kobold brigand. Your bite misses the kobold brigand.
The kobold brigand is lightly wounded.
The kobold brigand barely misses you. The kobold barely misses you. x2
You hit the kobold brigand but do no damage.
The kobold brigand is lightly wounded.
The kobold hits you with a +0 club. The kobold brigand barely misses you.
Casting: Freeze (safe; 3% risk of failure)
Confirm with . or Enter, or press ? or * to list all spells.
Aiming: Freeze (safe; 3% risk of failure)
Press: ? - help, Shift-Dir - straight line, f - kobold
Aim: a kobold, wielding a +0 club You freeze the kobold.
You kill the kobold!
The kobold brigand hits you with a +0 club.
* * * LOW HITPOINT WARNING * * *
You have reached level 3!
Your experience leads to an increase in your attributes!
Increase (S)trength, (I)ntelligence, or (D)exterity?
You feel clever. x2
Magic courses through your body.
The kobold brigand hits you with a +0 club.
* * * LOW HITPOINT WARNING * * *
The kobold brigand hits you but does no damage.
As you read the scroll labelled MEM ELOSKORY, it crumbles to dust.
It is a scroll of identify.
d - a scroll of noise The kobold brigand hits you with a +0 club.
* * * LOW HITPOINT WARNING * * *
Okay, then.
It was a potion of resistance.
You feel protected.
The kobold brigand hits you with a +0 club!
You die...

####
#.##########..
#......)..#.#
#.########)#.####
.# #...)..##.#
#..)#...#.# ..
##†.#...#.# #..
#).#.....## #..
#K@##.....# #..
##KK#.....# #..
#..#.....#######..
#..#..##..........
#..#...#.......<.[
#..#...#..........
..####.##.######..
..# #.##.# #..
##.##.##.# #.w


You could see 2 kobold brigands and a kobold.

Vanquished Creatures
  2 ball pythons
  A giant cockroach (D:3)
  5 hobgoblins
  3 jackals (D:2)
  6 kobolds (D:3)
  A bat (D:2)
  A rat (D:3)
19 creatures vanquished.

Notes
Turn   | Place    | Note
-------+----------+-------------------------------------------
     0 | D:1      | Flugkiller the Vine Stalker Ice Elementalist began the
                  | quest for the Orb.
     0 | D:1      | Reached XP level 1. HP: 9/9 MP: 4/4
    82 | D:2      | Reached XP level 2. HP: 13/13 MP: 1/6
   202 | D:3      | Noticed a kobold brigand
   228 | D:3      | Noticed a kobold brigand
   235 | D:3      | Reached XP level 3. HP: 4/16 MP: 1/8
   237 | D:3      | Slain by a kobold brigand

Illustrated notes

Levels and vault maps discovered:
D:1:      ebering_trefoil_3fold, layout_basic
D:2:      layout_loops_ring, basic_altar
D:3:      cheibrodos_thug_alley, layout_loops_cross

Action                     || total
---------------------------++-------
  Melee: Unarmed           ||    30
         Bite              ||    13
         Dagger            ||     9
         Punch             ||     1
   Cast: Freeze            ||    15
    Use: Potion            ||     2
         Scroll            ||     1
 Armour: Robe              ||    40
  Dodge: Dodged            ||    53
